 Seeded DCSS version 0.28.0-62-gf88900778d (webtiles) character file.

Game seed: 1571206919640347824 (custom seed)

279 cbfl8 the Chopper (level 6, -7/46 (47) HPs)
             Began as a Demonspawn Fighter on July 5, 2023.
             Mangled by an ogre
             ... wielding a +0 giant club
              (15 damage)
             ... on level 4 of the Dungeon.
             The game lasted 00:03:38 (3003 turns).

cbfl8 the Chopper (Demonspawn Fighter)              Turns: 3003, Time: 00:03:38

HP:   -7/46 (47)    AC: 10    Str: 17    XL:     6   Next: 5%
MP:   8/8           EV:  9    Int:  9    God:
Gold: 80            SH:  5    Dex: 20    Spells: 5/5 levels left

rFire   . . .      SeeInvis .   a - +0 war axe
rCold   + . .      Faith    .   c - +0 buckler
rNeg    . . .      Spirit   .   b - +0 scale mail
rPois   .          Reflect  .   i - +0 helmet
rElec   .          Harm     .   (no cloak)
rCorr   .          Rampage  .   (no gloves)
Will    .....                   (no boots)
Stlth   +.........              (no amulet)
HPRegen 0.15/turn               e - ring of protection from cold
MPRegen 0.11/turn               m - +6 ring of dexterity

@: lightly drained
A: thin metallic scales 1, demonic touch 2
a: no special abilities


You were on level 4 of the Dungeon.
You visited 1 branch of the dungeon, and saw 4 of its levels.

You collected 155 gold pieces.
You spent 75 gold pieces at shops.

Inventory:

Hand Weapons
 a - a +0 war axe (weapon)
Armour
 b - a +0 scale mail (worn)
 c - a +0 buckler (worn)
 i - a +0 helmet (worn)
Jewellery
 e - a ring of protection from cold (left hand)
 m - a +6 ring of dexterity (right hand)
 q - an amulet of reflection
Wands
 p - a wand of mindburst (6)
Scrolls
 d - a scroll of blinking {unknown}
 h - a scroll of enchant armour
 l - a scroll of immolation {unknown}
Potions
 f - a potion of invisibility
 g - a potion of lignification
 j - a potion of curing {unknown}
 k - a potion of heal wounds
 n - a potion of magic {unknown}
 o - 2 potions of haste


   Skills:
 + Level 3.3 Fighting
 + Level 3.4 Axes
 + Level 3.3 Armour
 + Level 0.3 Dodging
 + Level 1.1 Stealth
 + Level 3.1 Shields
 * Level 2.9 Invocations
 * Level 2.1 Evocations


You had 5 spell levels left.
You didn't know any spells.
Your spell library was empty.

Dungeon Overview and Level Annotations

Branches:
Dungeon (4/15)
 Temple: D:4-7

Altars:

Shops:
D:1 (   D:4 *


Innate Abilities, Weirdness & Mutations

You are partially covered in thin metallic scales. (AC +2)
Your touch may inflict irresistible damage on your foes.


Message History

Items here: ( )) [ †.
Found a stone staircase leading down.
There is a stone staircase leading down here.
An ogre comes into view. It is wielding a +0 giant club.
The ogre shouts!
Found a stone staircase leading down.
The ogre barely misses you.
You slash the ogre!
The ogre is moderately wounded.
The ogre hits you with a +0 giant club!!
You hit the ogre but do no damage.
The ogre is moderately wounded.
The ogre hits you with a +0 giant club!
* * * LOW HITPOINT WARNING * * *
You completely miss the ogre.
The ogre is moderately wounded.
The ogre hits you with a +0 giant club.
* * * LOW HITPOINT WARNING * * *
You barely miss the ogre.
The ogre is moderately wounded.
You block the ogre's attack.
You hit the ogre.
The ogre is heavily wounded.
The ogre barely misses you.
You slash the ogre!
The ogre is severely wounded.
You block the ogre's attack.
You hit the ogre.
The ogre is severely wounded.
You block the ogre's attack.
You hit the ogre but do no damage.
The ogre is severely wounded.
The ogre closely misses you.
You barely miss the ogre.
The ogre is severely wounded.
The ogre closely misses you.
You barely miss the ogre.
The ogre is severely wounded.
The ogre hits you but does no damage. The ogre hits you with a +0 giant club!
You die...

## # ##.## .##
##.#.#####...#.#
#.#.....@O...>.#
#...#####...###
##.## .## #.# # #.#
#.# ##+# #># ##...##
###.## ##.....## ##
####....###.......##
#.##.


You could see an ogre.

Vanquished Creatures
  An ogre (D:4)
  A phantom (D:4)
  A wight (D:3)
  3 adders
  5 orcs (D:4)
  7 endoplasms
  2 giant cockroaches
  2 goblins (D:1)
  4 hobgoblins
  2 jackals (D:1)
  4 quokkas
  7 ball pythons
  3 bats
  2 frilled lizards
  3 kobolds
  A rat (D:1)
48 creatures vanquished.

Notes
Turn   | Place    | Note
-------+----------+-------------------------------------------
     0 | D:1      | cbfl8 the Demonspawn Fighter began the quest for the Orb.
     0 | D:1      | Reached XP level 1. HP: 18/18 MP: 1/1
   284 | D:1      | Gained mutation: Your touch may inflict minor irresistible
                  | damage on your foes. [demonic ancestry]
   284 | D:1      | Reached XP level 2. HP: 24/24 MP: 2/2
   352 | D:1      | Reached skill level 1 in Invocations
   598 | D:1      | Found Husayvos's Antique Weapon Emporium.
  1368 | D:2      | Reached XP level 3. HP: 24/29 MP: 4/4
  1370 | D:2      | Reached skill level 1 in Evocations
  1701 | D:2      | Found a faded altar of an unknown god.
  1915 | D:3      | You fall into a shaft and drop 1 floor!
  1927 | D:4      | Noticed an ogre
  1936 | D:4      | Killed an ogre
  1937 | D:4      | Gained mutation: Your touch may inflict irresistible damage
                  | on your foes. [demonic ancestry]
  1937 | D:4      | Reached XP level 4. HP: 21/35 MP: 5/5
  1937 | D:4      | Reached XP level 5. HP: 24/41 MP: 6/6
  2104 | D:4      | Found Qegyb's Assorted Antiques.
  2111 | D:4      | Noticed a phantom
  2119 | D:4      | Killed a phantom
  2120 | D:4      | Reached skill level 1 in Stealth
  2190 | D:4      | Bought a scroll labelled XECUUNO VOAGH for 26 gold pieces
  2190 | D:4      | Bought a scroll labelled XUCLOSS TEACES for 26 gold pieces
  2190 | D:4      | Bought a smoky puce potion for 23 gold pieces
  2518 | D:3      | Gained mutation: You are partially covered in thin metallic
                  | scales. (AC +2) [demonic ancestry]
  2518 | D:3      | Reached XP level 6. HP: 41/45 MP: 8/8
  3003 | D:4      | Mangled by an ogre

Illustrated notes

Levels and vault maps discovered:
D:1:      dpeg_arrival_lava_temple_mockup, layout_basic, serial_shops,
          nicolae_shop_stone
D:2:      layout_basic, shapermc_ecumenical_altar_pompeii,
          minmay_split_cup_large
D:3:      layout_basic, serial_corexii_hall, corexii_hall_statues_i,
          chequers_hall_statues_wall_a, corexii_hall_statues_l,
          corexii_hall_statues_x
D:4:      layout_loops_corners, serial_shops, shop

Skill      XL: |  1  2  3  4  5 |
---------------+----------------+-----
Invocations    | 1 2 |  2.9
Axes           | 2 3 |  3.4
Shields        | 3 |  3.1
Evocations     | 1 2 |  2.1
Armour         | 3 |  3.3
Stealth        | 1 |  1.1
Fighting       | |  3.3
Dodging        | |  0.3

Action                   |  1- 3 |  4- 6 || total
-------------------------+-------+-------++-------
Melee: War axe           |    94 |    49 ||   143
  Use: Potion            |     3 |     4 ||     7
       Scroll            |     2 |     2 ||     4
 Stab: Invisible         |     4 |       ||     4
Armor: Scale mail        |    61 |    15 ||    76
       Skin              |       |     1 ||     1
Dodge: Dodged            |    65 |    20 ||    85
Block: Buckler           |    23 |    18 ||    41
